 Dungeon Crawl Stone Soup version 0.21.0-3-g78d12a8bdd (webtiles) character file.

115619 weerde the Severer (level 16, 0/155 HPs)
             Began as a Minotaur Berserker on Jan 6, 2018.
             Was an Elder of Trog.
             Slain by a merfolk impaler
             ... wielding a +0 trident
              (11 damage)
             ... on level 4 of the Shoals on Jan 14, 2018.
             The game lasted 02:30:57 (27709 turns).

weerde the Severer (Minotaur Berserker)            Turns: 27709, Time: 02:30:58

Health: 0/155      AC: 26    Str: 29    XL:     16   Next: 19%
Magic:  15/15      EV:  8    Int:  4    God:    Trog [****..]
Gold:   2038       SH:  0    Dex: 10    Spells: 15/15 levels left

rFire    + + .     SeeInvis .   A - +8 battleaxe (freeze)
rCold    + . .     Gourm    .   (shield currently unavailable)
rNeg     + . .     Faith    +   O - +3 plate armour {rN+}
rPois    +         Spirit   .   F - +2 hat
rElec    .         Reflect  .   M - scarf {rC+ rF+}
rCorr    +         Harm     .   V - +0 pair of gloves
MR       +....                  s - +0 pair of boots
Stlth    ..........             a - amulet of Suzxeaqu {Faith rF+}
HPRegen  0.35/turn              W - ring of resist corrosion
MPRegen  0.14/turn              q - ring of poison resistance

@: lethally poisoned (0 -> 0), berserk cooldown, mesmerised, held, slowed, very
slow
A: retaliatory headbutt, horns 2
a: Berserk, Trog's Hand, Brothers in Arms, Burn Spellbooks, Renounce Religion


You were on level 4 of the Shoals.
You worshipped Trog.
Trog was greatly pleased with you.
You were very hungry.

You visited 4 branches of the dungeon, and saw 25 of its levels.
You also visited: Labyrinth and Ossuary.

You collected 2950 gold pieces.
You spent 912 gold pieces at shops.

Inventory:

Hand Weapons
 h - a +4 vampiric executioner's axe
 w - a +4 antimagic executioner's axe
 A - a +8 battleaxe of freezing (weapon)
Armour
 s - a +0 pair of boots (worn)
 E - +0 ice dragon scales
 F - a +2 hat (worn)
 I - the +1 plate armour of the True Pharaoh {+Blink rPois rC- Regen+}
   (You found it on level 10 of the Dungeon)

   It makes you vulnerable to cold.
   It protects you from poison.
   It lets you blink.
   It increases your rate of regeneration.
 M - a scarf of resistance (worn)
 O - a +3 plate armour of positive energy (worn)
 V - a +0 pair of gloves (worn)
Jewellery
 a - the amulet of Suzxeaqu (around neck) {Faith rF+}
   (You acquired it on level 4 of the Lair of Beasts)

   [amulet of faith]

   It allows you to gain divine favour quickly.
   It protects you from fire.
 g - an uncursed ring of see invisible
 q - a ring of poison resistance (right hand)
 x - an uncursed amulet of regeneration
 B - a +3 amulet of reflection
 G - an uncursed ring of flight
 W - a ring of resist corrosion (left hand)
 Z - an uncursed ring of protection from cold
Wands
 N - a wand of enslavement (17)
 P - a wand of disintegration (16)
 Q - a wand of iceblast (36)
 R - a wand of polymorph (54)
 S - a wand of random effects (31)
 T - a wand of paralysis (28)
Scrolls
 b - 3 scrolls of enchant weapon
 f - 5 scrolls of blinking
 j - 5 scrolls of enchant armour
 n - 2 scrolls of holy word
 p - 7 scrolls of magic mapping
 u - a scroll of fear
 v - 9 scrolls of teleportation
 y - 9 scrolls of remove curse
 X - a scroll of silence
Potions
 d - a potion of invisibility {unknown}
 e - 7 potions of flight
 i - 4 potions of heal wounds
 k - 3 potions of cancellation
 m - 12 potions of curing
 o - 3 potions of haste
 r - 4 potions of agility
 t - 3 potions of resistance
 z - 4 potions of berserk rage
 D - a potion of might
 H - 4 potions of lignification
 J - 4 potions of mutation
 L - a potion of magic {unknown}
 Y - 3 potions of brilliance
Miscellaneous
 C - a box of beasts
 U - a phial of floods
Comestibles
 c - 34 rations
 l - 3 chunks of flesh


   Skills:
 + Level 17.1 Fighting
 + Level 17.3 Axes
 + Level 16.7 Armour
 + Level 15.6 Dodging
 - Level 0.2 Stealth


You had 15 spell levels left.
You didn't know any spells.

Dungeon Overview and Level Annotations

Branches:
Dungeon (15/15)            Temple (0/1) D:6            Lair (4/6) D:9
 Shoals (4/4) Lair:2        Snake (0/4) Lair:4          Orc (2/2) D:12
    Elf (0/3) Orc:2        Vaults (0/5) D:14         Depths (0/5) D:15

Altars:
Ashenzari
Cheibriados
Dithmenos
Gozag
Makhleb
Okawaru
Qazlal
Ru
Trog
Uskayaw
Wu Jian
Zin
The Shining One
Beogh

Shops:
Orc:2 (((:   Shoals:1 [   Shoals:2 [!

Portals:
Trove: D:13 (give 7 potions of agility)

Annotations:
Lair:2 exclusion: oklob plant
Shoals:4 Ilsuiw


Innate Abilities, Weirdness & Mutations

You reflexively headbutt those who attack you in melee.
You have a pair of horns on your head.


Message History

The merfolk javelineer throws a javelin.
The javelin closely misses you.
The merfolk impaler hits you but does no damage.
Something hits you.
* * * LOW HITPOINT WARNING * * *
Something freezes you.
* * * LOW HITPOINT WARNING * * *
The merfolk avatar chants its luring song.
A water elemental comes into view.
You feel much better.
You gasp with relief as air once again reaches your lungs.
You feel sick.
The merfolk impaler hits you from afar with a trident!
* * * LOW HITPOINT WARNING * * *
The water elemental barely misses you.
The merfolk javelineer throws a javelin.
The javelin closely misses you.
The merfolk hits you but does no damage.
The merfolk impaler hits you from afar with a trident!
You die...

.........<..#
..$$<........#
.(........[..#
..........[..#
.............#
.............# ≈
.......≈E≈.≈.# ≈≈≈
.......≈Em≈)(####≈≈≈≈
.E...m.@§{m≈(.......≈
........mm(.(m...≈≈≈≈
.........E§......≈≈≈≈
...####....%....≈≈≈≈≈
≈. ...#.......≈≈≈≈≈ ≈
...#.#......≈≈≈≈≈
#≈≈≈#.......≈≈≈≈≈
≈≈≈≈≈≈#t...≈≈≈≈≈≈
m≈≈≈≈#....≈≈≈≈≈.


You could see a merfolk avatar, a merfolk impaler, a merfolk javelineer, a
snapping turtle (wandering), 2 merfolk, 4 water elementals and a merfolk siren.

Vanquished Creatures
  Bai Suzhen (Shoals:3)
  Gastronok (Lair:2)
  An orc warlord (Orc:2)
  A stone giant (Orc:2)
  A merfolk javelineer (Shoals:3)
  A minotaur (Lab)
  3 merfolk impalers
  8 hydras
  The ghost of puimuR the Severer, a journeyman DDIE of Makhleb (D:12)
  2 ice dragons (D:15)
  2 alligator snapping turtles (Shoals:2)
  2 merfolk avatars (Shoals:3)
  3 merfolk aquamancers
  4 centaur warriors
  2 vault guards (D:14)
  8 two-headed ogres
  5 death yaks (Lair:3)
  A satyr (Shoals:1)
  4 orc high priests (Orc:2)
  The ghost of heintsi the Grappler, a novice GrMo of Wu Jian (D:9)
  7 slime creatures
  11 sea snakes
  The ghost of Harunobu the Ducker, a novice TrFi (D:6)
  An unseen horror (D:12)
  A wizard (D:14)
  2 deep elf magi
  4 orc knights (Orc:2)
  12 harpies
  3 necromancers (D:14)
  6 manticores
  5 fauns (Shoals:1)
  3 orc sorcerers (Orc:2)
  6 cyclopes
  8 ugly things
  A centaur zombie (D:14)
  8 merfolk sirens
  3 spiny frogs
  2 centaur skeletons
  2 black mambas
  A water nymph (Shoals:1)
  4 gargoyles
  A yaktaur (D:15)
  6 rime drakes
  An efreet (D:13)
  5 komodo dragons
  2 tengu conjurers (D:14)
  8 trolls
  3 wind drakes
  12 merfolk
  3 polar bears
  4 blink frogs (Lair:2)
  3 snapping turtles
  6 dream sheep
  14 hippogriffs
  A shadow (Lab)
  8 water elementals
  Sigmund (D:6)
  31 yaks
  A redback (Lab)
  3 wyverns
  A basilisk (Lab)
  A yak (shapeshifter) (D:13)
  A vampire (D:14)
  3 hungry ghosts
  20 humans (D:14)
  A redback simulacrum (D:15)
  2 wargs (Orc:2)
  3 nagas (Lair:4)
  4 acid dragons
  5 porcupines
  6 water moccasins
  46 orc warriors
  6 sky beasts
  16 ogres
  2 black bears
  6 ice beasts
  2 hornet zombies
  A phantom (D:7)
  An eye of draining (D:15)
  2 necrophages
  10 centaurs
  4 boggarts (D:15)
  7 wolves (Lair:3)
  An elf zombie (Ossuary)
  10 crocodiles
  6 big kobolds
  9 bullfrogs
  2 gnoll sergeants
  A water moccasin skeleton (D:12)
  4 scorpions
  A wyvern skeleton (D:12)
  9 wights
  3 electric eels
  6 crimson imps
  A quasit (D:6)
  A gnoll shaman (D:7)
  9 hounds
  46 orc priests
  3 bullfrog skeletons
  3 jellies
  25 orc wizards
  A water moccasin simulacrum (D:10)
  An iguana (D:7)
  7 worker ants
  Terence (D:3)
  A bullfrog simulacrum (D:10)
  2 mummies (Ossuary)
  A howler monkey zombie (D:9)
  A worker ant zombie (D:9)
  A howler monkey skeleton (D:5)
  16 gnolls
  11 adders
  8 shadow imps
  A white imp (D:10)
  A worker ant simulacrum (D:10)
  3 ufetubi (D:10)
  An ooze (D:4)
  2 adder skeletons
  2 worms
  2 dart slugs
  8 leopard geckos
  124 orcs
  9 bats
  7 giant cockroaches
  4 gnoll zombies (Ossuary)
  7 goblins
  10 hobgoblins
  22 jackals
  2 quokkas
  A ball python (D:2)
  5 frilled lizards
  3 hobgoblin zombies (Ossuary)
  18 kobolds
  6 orc zombies (Ossuary)
  4 rats
  A rat zombie (D:5)
  A bush (Lair:1)
  A fungus (Lair:1)
  6 plants
848 creatures vanquished.

Vanquished Creatures (collateral kills)
  A hydra (Lair:1)
  A sea snake (Shoals:3)
  A faun (Shoals:1)
  A manticore (D:15)
  A merfolk siren (Shoals:1)
5 creatures vanquished.

Vanquished Creatures (others)
  An orc wizard (D:7)
  An orc (D:11)
  A fungus (Lair:1)
  3 plants (D:9)
6 creatures vanquished.

Grand Total: 859 creatures vanquished

Notes
Turn   | Place    | Note
-------+----------+-------------------------------------------
     0 | D:1      | weerde the Minotaur Berserker began the quest for the Orb.
     0 | D:1      | Reached XP level 1. HP: 19/19 MP: 0/0
   211 | D:1      | Reached XP level 2. HP: 6/27 MP: 1/1
  1014 | D:2      | Noticed a crimson imp
  1028 | D:2      | Killed a crimson imp
  1028 | D:2      | Reached XP level 3. HP: 23/34 MP: 2/2
  1033 | D:2      | Reached XP level 4. HP: 17/41 MP: 3/3
  1114 | D:2      | Noticed an ogre
  1374 | D:2      | Killed an ogre
  1374 | D:2      | Reached skill level 5 in Fighting
  1374 | D:2      | Reached skill level 5 in Axes
  1374 | D:2      | Reached XP level 5. HP: 48/48 MP: 4/4
  1468 | D:2      | Noticed a centaur
  1483 | D:2      | Killed a centaur
  1486 | D:2      | Reached ** piety under Trog
  1512 | D:2      | Reached XP level 6. HP: 32/56 MP: 5/5
  1743 | D:2      | Found a hide-covered altar of Uskayaw.
  2011 | D:3      | Found a shadowy altar of Dithmenos.
  2249 | D:3      | Found an ornate altar of the Wu Jian Council.
  2283 | D:3      | Found a sacrificial altar of Ru.
  2346 | D:3      | Noticed Terence
  2353 | D:3      | Killed Terence
  2533 | D:3      | Found a snail-covered altar of Cheibriados.
  3138 | D:4      | Found an opulent altar of Gozag.
  3227 | D:4      | Reached *** piety under Trog
  3329 | D:5      | Entered Level 5 of the Dungeon
  3457 | D:5      | Found a sand-covered staircase.
  3466 | Ossuary  | Entered an ossuary
  3510 | Ossuary  | Reached XP level 7. HP: 45/62 MP: 6/6
  3754 | D:5      | Found a glowing silver altar of Zin.
  4078 | D:5      | Found a stormy altar of Qazlal.
  4318 | D:6      | Found a glowing golden altar of the Shining One.
  4391 | D:6      | Reached skill level 5 in Armour
  4391 | D:6      | Reached skill level 5 in Dodging
  4398 | D:6      | Found an iron altar of Okawaru.
  4399 | D:6      | Found a bloodstained altar of Trog.
  4577 | D:6      | Reached XP level 8. HP: 61/71 MP: 7/7
  4731 | D:6      | Noticed Sigmund
  4740 | D:6      | Killed Sigmund
  4877 | D:6      | Noticed Harunobu's ghost (novice TrFi)
  5126 | D:6      | Found a staircase to the Ecumenical Temple.
  5127 | D:6      | Killed Harunobu's ghost
  5264 | D:7      | Reached **** piety under Trog
  5626 | D:7      | Reached XP level 9. HP: 65/81 MP: 8/8
  6247 | D:8      | Found a sacrificial altar of Ru.
  6278 | D:8      | Reached ***** piety under Trog
  6642 | D:8      | Reached XP level 10. HP: 48/91 MP: 9/9
  6646 | D:8      | Reached skill level 10 in Axes
  6721 | D:8      | Noticed a two-headed hydra
  6729 | D:8      | Killed a six-headed hydra
  6729 | D:8      | Reached skill level 10 in Fighting
  7030 | D:8      | Found a shadowy altar of Dithmenos.
  7212 | D:9      | Noticed a manticore
  7217 | D:9      | Killed a manticore
  7516 | D:9      | Found a staircase to the Lair.
  7714 | D:9      | Noticed heintsi's ghost (novice GrMo)
  7749 | D:9      | Killed heintsi's ghost
  7862 | D:9      | Found a burning altar of Makhleb.
  7910 | D:9      | Found a shattered altar of Ashenzari.
  8028 | D:10     | Entered Level 10 of the Dungeon
  8038 | D:10     | Received a gift from Trog
  8078 | D:10     | Got an encrusted plate armour
  8089 | D:10     | Identified the cursed +1 plate armour of the True Pharaoh {+Blink rPois rC- Regen+} (You found it on level 10 of the Dungeon)
  8129 | D:10     | Reached skill level 10 in Armour
  8129 | D:10     | Reached XP level 11. HP: 101/101 MP: 3/10
  8469 | D:10     | Noticed a two-headed ogre
  9038 | Lair:1   | Entered Level 1 of the Lair of Beasts
  9158 | Lair:1   | Reached ****** piety under Trog
  9158 | Lair:1   | Reached skill level 10 in Dodging
  9399 | Lair:1   | Noticed a four-headed hydra
  9411 | Lair:1   | Killed a seven-headed hydra
  9718 | Lair:1   | Noticed a seven-headed hydra
  9723 | Lair:1   | Killed a seven-headed hydra
  9999 | D:11     | Reached XP level 12. HP: 112/112 MP: 11/11
 10145 | D:11     | Received a gift from Trog
 10153 | D:11     | Found a labyrinth entrance.
 10179 | Lab      | Entered a labyrinth
 10251 | Lab      | Found an exit through the horrors of the Abyss.
 10519 | Lab      | Noticed a minotaur
 10523 | Lab      | Killed a minotaur
 10530 | Lab      | Identified the Compendium of Boosts and Enchantment
 10742 | D:11     | Noticed a two-headed ogre
 10747 | D:11     | Killed a two-headed ogre
 11006 | D:12     | Noticed puimuR's ghost (journeyman DDIE)
 11011 | D:12     | Killed puimuR's ghost
 11171 | D:12     | Found a staircase to the Orcish Mines.
 11441 | D:12     | Noticed a two-headed ogre
 11446 | D:12     | Killed a two-headed ogre
 11455 | D:12     | Noticed an eight-headed hydra
 11455 | D:12     | Noticed a seven-headed hydra
 11475 | D:12     | Killed a 12-headed hydra
 11478 | D:12     | Killed a nine-headed hydra
 11539 | D:12     | Received a gift from Trog
 11736 | D:13     | Noticed a centaur warrior
 11742 | D:13     | Killed a centaur warrior
 11742 | D:13     | Reached XP level 13. HP: 94/122 MP: 12/12
 12185 | D:13     | Found a portal to a secret trove of treasure.
 13306 | D:14     | Received a gift from Trog
 13362 | D:14     | Found a gate to the Vaults.
 13703 | D:14     | Got a faintly glowing war axe
 13707 | D:14     | Identified the cursed +0 war axe of the Tomato {speed, +Inv} (You found it on level 14 of the Dungeon)
 13739 | D:14     | Reached XP level 14. HP: 61/133 MP: 13/13
 14164 | D:14     | Reached skill level 15 in Axes
 14487 | Orc:1    | Entered Level 1 of the Orcish Mines
 14675 | Orc:2    | Entered Level 2 of the Orcish Mines
 14991 | Orc:2    | Noticed a stone giant
 15006 | Orc:2    | Killed a stone giant
 15006 | Orc:2    | Received a gift from Trog
 15006 | Orc:2    | Reached skill level 15 in Fighting
 15205 | Orc:2    | Paralysed by an orc sorcerer for 5 turns
 15355 | Orc:2    | Found a staircase to the Elven Halls.
 15454 | Orc:2    | Noticed an orc warlord
 15494 | Orc:2    | Killed an orc warlord
 15598 | Orc:2    | Found a roughly hewn altar of Beogh.
 15822 | Orc:2    | Found Wunoakie's Antique Weapon Boutique.
 15834 | Orc:2    | Received a gift from Trog
 16230 | Orc:2    | Found Joghu's Antique Weapon Shoppe.
 16767 | Orc:2    | Found a roughly hewn altar of Beogh.
 16990 | Orc:2    | Found Bommorog's Book Boutique.
 17010 | Orc:2    | Found Raopya's Antique Weapon Shop.
 17019 | Orc:2    | Reached skill level 15 in Armour
 17609 | Orc:1    | Received a gift from Trog
 17804 | Orc:1    | Found a roughly hewn altar of Beogh.
 17883 | Orc:1    | Found a roughly hewn altar of Beogh.
 18603 | D:15     | Entered Level 15 of the Dungeon
 18637 | D:15     | Found a staircase to the Depths.
 19971 | Lair:2   | Found a staircase to the Shoals.
 20030 | Lair:2   | Noticed Gastronok
 20041 | Lair:2   | Killed Gastronok
 20820 | Lair:3   | Reached XP level 15. HP: 121/143 MP: 14/14
 21809 | Lair:4   | Found a staircase to the Snake Pit.
 22071 | Lair:4   | Upgraded the game from 0.21.0 to 0.21.0-3-g78d12a8bdd
 22092 | Lair:4   | Identified a scroll of acquirement
 22095 | Lair:4   | Got a slimy ruby amulet
 22219 | Lair:4   | Identified the amulet of Suzxeaqu {Faith rF+} (You acquired it on level 4 of the Lair of Beasts)
 22641 | Lair:4   | Found the +27 Lear's hauberk
 23249 | Shoals:1 | Entered Level 1 of the Shoals
 23935 | Shoals:1 | Found Toheulom's Armour Boutique.
 23977 | Shoals:1 | Received a gift from Trog
 24525 | Shoals:1 | Reached skill level 15 in Dodging
 26136 | Shoals:2 | Found Vaqa's Distillery.
 26145 | Shoals:2 | Bought a potion of flight for 57 gold pieces
 26145 | Shoals:2 | Bought a potion of resistance for 190 gold pieces
 26145 | Shoals:2 | Bought 2 potions of curing for 114 gold pieces
 26145 | Shoals:2 | Bought a potion of berserk rage for 95 gold pieces
 26145 | Shoals:2 | Bought a potion of mutation for 152 gold pieces
 26145 | Shoals:2 | Bought a potion of haste for 190 gold pieces
 26145 | Shoals:2 | Bought a potion of curing for 57 gold pieces
 26145 | Shoals:2 | Bought a potion of curing for 57 gold pieces
 26546 | Shoals:2 | Found Deneboeh's Armour Shoppe.
 27005 | Shoals:3 | Reached XP level 16. HP: 154/154 MP: 15/15
 27277 | Shoals:3 | Noticed Bai Suzhen
 27293 | Shoals:3 | Killed Bai Suzhen
 27655 | Shoals:4 | Entered Level 4 of the Shoals
 27681 | Shoals:4 | Noticed Ilsuiw
 27708 | Shoals:4 | HP: 6/155 [drowned by a water elemental[Ilsuiw] (9)]
 27708 | Shoals:4 | HP: 2/155 [something (5)]
 27709 | Shoals:4 | Slain by a merfolk impaler

Skill      XL: |  1  2  3  4  5  6  7  8  9 10 11 12 13 14 15 16 |
---------------+-------------------------------------------------+-----
Fighting       | 4 5 6 8 9 10 12 13 14 15 16 17 | 17.1
Axes           | 4 5 6 7 8 9 11 12 13 14 16 17 | 17.3
Dodging        | 3 4 5 6 7 9 10 12 13 14 15 | 15.6
Armour         | 3 5 6 8 10 11 12 14 15 16 | 16.7
Stealth        | |  0.2

Action                   |  1- 3 |  4- 6 |  7- 9 | 10-12 | 13-15 | 16-18 || total
-------------------------+-------+-------+-------+-------+-------+-------++-------
Melee: Hand axe          |    41 |   171 |       |     4 |       |       ||   216
       Headbutt          |     8 |    47 |    66 |    88 |   177 |    10 ||   396
       War axe           |       |    29 |   281 |    52 |    21 |       ||   383
       Battleaxe         |       |       |    49 |   379 |   963 |    58 ||  1449
       Broad axe         |       |       |       |     9 |       |       ||     9
       Staff             |       |       |       |       |     1 |       ||     1
Invok: Berserk           |       |     3 |     5 |     5 |     6 |     1 ||    20
       Trog's Hand       |       |       |     1 |     3 |    22 |     2 ||    28
       Burn Spellbooks   |       |       |       |     3 |     4 |       ||     7
       Brothers in Arms  |       |       |       |     1 |     2 |     2 ||     5
 Abil: Evoke Flight      |       |       |       |       |     3 |       ||     3
Evoke: Wand              |       |       |       |       |       |     2 ||     2
  Use: Scroll            |       |     1 |       |     9 |    22 |     2 ||    34
       Potion            |       |       |     1 |       |     4 |     3 ||     8
  Eat: Chunk             |       |    11 |    11 |    21 |    45 |     3 ||    91
       Ration            |       |       |     3 |     1 |     6 |       ||    10
Armor: Animal skin       |    13 |     3 |       |       |       |       ||    16
       Scale mail        |       |    52 |    33 |       |       |       ||    85
       Plate armour      |       |       |   104 |   261 |   507 |    83 ||   955
Dodge: Dodged            |    31 |    77 |   165 |   228 |   600 |    55 ||  1156
Block: Other             |       |       |       |       |    69 |       ||    69
       Reflection        |       |       |       |       |     6 |       ||     6
